 Dungeon Crawl Stone Soup version 0.23-a0-484-g29ba69c (webtiles) character file.

221 CanOfBees the Chucker (level 5, 0/51 HPs)
             Began as an Ogre Hunter on Nov 30, 2018.
             Slain by a hound skeleton (2 damage)
             ... on level 4 of the Dungeon.
             The game lasted 00:06:52 (4136 turns).

CanOfBees the Chucker (Ogre Hunter)                 Turns: 4136, Time: 00:06:52

Health: 0/51       AC:  3    Str: 18    XL:     5   Next: 98%
Magic:  5/5        EV: 11    Int: 13    God:
Gold:   171        SH:  0    Dex: 13    Spells: 4/4 levels left

rFire    + . .     SeeInvis .   a - +4 spear (pierce)
rCold    . . .     Gourm    .   (no shield)
rNeg     . . .     Faith    .   b - +0 robe
rPois    .         Spirit   .   (helmet restricted)
rElec    .         Reflect  .   (no cloak)
rCorr    .         Harm     .   (gloves unavailable)
MR       .....                  (boots unavailable)
Stlth    +.........             (no amulet)
HPRegen  0.17/turn              m - +4 ring of dexterity
MPRegen  0.09/turn              (no ring)

@: hasted, very quick
A: large, unfitting armour, fire resistance 1, frail 1, strong 1, tough skin 1
a: no special abilities


You were on level 4 of the Dungeon.
You were not hungry.

You visited 1 branch of the dungeon, and saw 4 of its levels.

You collected 171 gold pieces.

Inventory:

Hand Weapons
 a - a +4 spear of piercing (weapon)
Missiles
 c - 4 large rocks
 d - a throwing net
 l - 125 stones (quivered)
 v - 18 sling bullets
Armour
 b - a +0 robe (worn)
Jewellery
 m - a +4 ring of dexterity (left hand)
Scrolls
 e - 2 scrolls of remove curse {unknown}
 h - 3 scrolls of identify {unknown}
 i - 3 scrolls of blinking {unknown}
 k - a scroll of enchant armour {unknown}
 n - 2 scrolls of noise {unknown}
 p - 2 scrolls of teleportation {unknown}
 q - 2 scrolls of fear {unknown}
 s - a scroll of random uselessness {unknown}
 u - a scroll of magic mapping {unknown}
Potions
 g - a potion of haste
 j - a potion of mutation
 o - a potion of invisibility {unknown}
 t - a potion of might {unknown}
Comestibles
 f - 7 rations


   Skills:
 + Level 5.1 Fighting
 + Level 5.1 Throwing
 + Level 3.3 Dodging
 - Level 0.6 Stealth


You had 4 spell levels left.
You didn't know any spells.
Your spell library was empty.

Dungeon Overview and Level Annotations

Branches:
Dungeon (4/15)
 Temple: D:4-7

Altars:
Okawaru
Qazlal
Uskayaw
The Shining One

Shops:
D:4 (


Innate Abilities, Weirdness & Mutations

You are too large for most types of armour.
You have tough skin. (AC +1)
Your flesh is heat resistant. (rF+)
You are frail. (-10% HP)
Your muscles are strong. (Str +2)


Message History

The ooze is severely wounded.
The hound skeleton bites you.
* * * LOW HITPOINT WARNING * * *
The ooze misses you.
There are no items here.
It was a potion of mutation.
You feel extremely strange.
You feel frail.
You feel resistant to heat.
You feel stronger.
The hound skeleton bites you but does no damage.
The ooze hits you.
* * * LOW HITPOINT WARNING * * *
The hound skeleton barely misses you.
It was a potion of haste.
You feel yourself speed up. The ooze hits you.
* * * LOW HITPOINT WARNING * * *
The hound skeleton bites you.
* * * LOW HITPOINT WARNING * * *
The worker ant zombie waves its antennae.
You hit the ooze.
You kill the ooze!
The hound skeleton bites you.
You die...

#####....†..#
P.≈..#.###.##
.≈Z.≈........#
.≈≈Z%P.......#
..≈≈..#......#
.≈.≈..#.###..#
...≈P.#.#..Z.#
.... #.#.#Z##
#.#@# . #?# ##
#.# ..# ###


You could see a worker ant zombie and a hound skeleton.

Vanquished Creatures
  A centaur zombie (D:4)
  Robin (D:2)
  A worker ant zombie (D:4)
  6 adders
  2 oozes
  An adder zombie (D:4)
  4 worms
  5 dart slugs
  An orc (D:3)
  6 giant cockroaches
  12 goblins
  14 hobgoblins
  2 jackals (D:2)
  6 kobolds
  2 quokkas
  A ball python (D:4)
  5 bats
  2 frilled lizards
  A jackal zombie (D:4)
  A leopard gecko zombie (D:4)
  A quokka skeleton (D:4)
  A quokka zombie (D:4)
  6 rats
82 creatures vanquished.

Notes
Turn   | Place    | Note
-------+----------+-------------------------------------------
     0 | D:1      | CanOfBees the Ogre Hunter began the quest for the Orb.
     0 | D:1      | Reached XP level 1. HP: 22/22 MP: 1/1
   146 | D:1      | Reached XP level 2. HP: 31/31 MP: 2/2
  1036 | D:1      | Reached XP level 3. HP: 25/37 MP: 3/3
  2050 | D:2      | Reached XP level 4. HP: 48/48 MP: 4/4
  2087 | D:2      | Noticed Robin
  2101 | D:2      | Killed Robin
  3122 | D:3      | Reached XP level 5. HP: 55/55 MP: 5/5
  3362 | D:3      | Found a hide-covered altar of Uskayaw.
  3774 | D:3      | Found a stormy altar of Qazlal.
  3792 | D:3      | Reached skill level 5 in Throwing
  3978 | D:3      | Found a glowing golden altar of the Shining One.
  3981 | D:3      | Found an iron altar of Okawaru.
  4036 | D:4      | Found Wodoitu's Antique Weapon Shop.
  4113 | D:4      | Reached skill level 5 in Fighting
  4134 | D:4      | Gained mutation: You are frail. (-10% HP) [potion of
                  | mutation]
  4134 | D:4      | Gained mutation: Your flesh is heat resistant. (rF+)
                  | [potion of mutation]
  4134 | D:4      | Gained mutation: Your muscles are strong. (Str +2) [potion
                  | of mutation]
  4135 | D:4      | HP: 2/51 [hound skeleton (1)]
  4136 | D:4      | Slain by a hound skeleton

Vault maps used:
D:1:      dpeg_arrival_radiant, minmay_pentomino_z4
D:2:      minmay_tiny_reverse_x, uniq_robin
D:3:      old_standard_altar, nicolae_overflow_hidden_temple, first_ration
D:4:      serial_shops, shop, serial_undead, serial_undead_d, serial_undead_f,
          serial_undead_e, serial_undead_f, yredelemnul_altar_generic,
          uniq_natasha

Skill      XL: |  1  2  3  4  5 |
---------------+----------------+-----
Fighting       | 3 4 5 |  5.1
Dodging        | 2 3 |  3.3
Throwing       | 5 |  5.1
Stealth        | |  0.6

Action                   |  1- 3 |  4- 6 || total
-------------------------+-------+-------++-------
Melee: Short sword       |   117 |    26 ||   143
       Spear             |       |    84 ||    84
Throw: Throwing net      |     2 |     1 ||     3
       Stone             |    43 |    27 ||    70
       Large rock        |     6 |     6 ||    12
  Use: Potion            |       |     3 ||     3
 Stab: Sleeping          |     1 |     2 ||     3
  Eat: Chunk             |     4 |     6 ||    10
Armor: Robe              |    26 |    30 ||    56
Dodge: Dodged            |    70 |    75 ||   145

Table legend:
 A = Non-vault XP
 B = Vault XP
 C = Vault XP percentage of total XP
 D = Non-vault monster count
 E = Vault monster count
 F = Vault count percentage of total count
                 A         B        C        D         E       F
            +---------+---------+-------+---------+---------+-------
      Total |     200 |     117 |  36.9 |      59 |      23 |  28.0
            +---------+---------+-------+---------+---------+-------
        D:1 |      32 |       5 |  13.5 |      15 |       2 |  11.8
        D:2 |      85 |      42 |  33.1 |      21 |      14 |  40.0
        D:3 |      73 |       0 |   0.0 |      20 |       0 |   0.0
        D:4 |      10 |      70 |  87.5 |       3 |       7 |  70.0
            +---------+---------+-------+---------+---------+-------
